 Dungeon Crawl Stone Soup version 0.27.0-1-g7a089689b8 (webtiles) character file.

Game seed: 15905981954485842103

2099 jazmu the Knight (level 9, -2/65 HPs)
             Began as a Demonspawn Monk on Aug 15, 2021.
             Was a Priest of Okawaru.
             Slain by an orc (4 damage)
             ... on level 6 of the Dungeon.
             The game lasted 00:11:06 (7927 turns).

jazmu the Knight (Demonspawn Monk)                  Turns: 7927, Time: 00:11:07

Health: -2/65      AC:  9    Str: 15    XL:     9   Next: 7%
Magic:  14/14      EV: 12    Int: 15    God:    Okawaru [***...]
Gold:   205        SH:  5    Dex: 16    Spells: 8/8 levels left

rFire    . . .     SeeInvis .   u - +2 spear (flame)
rCold    . . .     Faith    .   d - +0 buckler
rNeg     . . .     Spirit   .   e - +0 ring mail
rPois    .         Reflect  .   c - +2 hat
rElec    .         Harm     .   (no cloak)
rCorr    .         Rampage  .   (no gloves)
Will     .....                  j - +0 pair of boots
Stlth    +.........             (no amulet)
HPRegen  0.20/turn              (no ring)
MPRegen  0.14/turn              (no ring)

@: no status effects
A: hooves 2, demonic guardian 1, powered by death 1, big brain 2
a: Renounce Religion, Heroism


You were on level 6 of the Dungeon.
You worshipped Okawaru.
Okawaru was most pleased with you.
You visited 2 branches of the dungeon, and saw 8 of its levels.

You collected 205 gold pieces.

Inventory:

Hand Weapons
 a - a +0 hand axe
 o - a +2 vampiric short sword
 u - a +2 spear of flaming (weapon)
Armour
 c - a +2 hat (worn)
 d - a +0 buckler (worn)
 e - a +0 ring mail (worn)
 j - a +0 pair of boots (worn)
Magical Staves
 s - a staff of death
Jewellery
 B - an amulet of magic regeneration
Wands
 k - a wand of paralysis (1)
 v - a wand of flame (42)
Scrolls
 b - 2 scrolls of enchant armour
 f - a scroll of fog
 g - 4 scrolls of teleportation {unknown}
 i - a scroll of torment
 l - 2 scrolls of fear
 m - 2 scrolls of noise
 w - a scroll of identify
 y - a scroll of acquirement {unknown}
 A - 2 scrolls of holy word {unknown}
 D - a scroll of vulnerability {unknown}
Potions
 h - a potion of curing
 n - a potion of cancellation
 p - a potion of might {unknown}
 q - a potion of brilliance {unknown}
 r - a potion of resistance {unknown}
 t - a potion of magic {unknown}
 x - a potion of berserk rage {unknown}
 z - a potion of lignification {unknown}
 C - a potion of degeneration {unknown}


   Skills:
 - Level 4.0 Fighting
 - Level 6.1 Axes
 + Level 5.2 Armour
 - Level 3.3 Dodging
 - Level 1.7 Stealth
 - Level 4.7 Shields
 + Level 7.0 Invocations


You had 8 spell levels left.
You didn't know any spells.
Your spell library contained the following spells:

 Spells                   Type           Power      Damage    Failure   Level
 Sting                    Tmut/Pois      0%         1d3       45%         1
 Poisonous Vapours        Pois/Air       0%         N/A       58%         2
 Call Canine Familiar     Summ           0%         N/A       83%         3
 Portal Projectile        Hex/Tloc       0%         N/A       83%         3
 Leda's Liquefaction      Hex/Erth       0%         N/A       99%         4
 Olgreb's Toxic Radiance  Pois           0%         N/A       99%         4
 Petrify                  Tmut/Erth      0%         N/A       99%         4
 Metabolic Englaciation   Hex/Ice        0%         N/A       100%        5
 Statue Form              Tmut/Erth      0%         N/A       100%        6


Dungeon Overview and Level Annotations

Branches:
Dungeon (7/15)             Temple (1/1) D:5

Altars:
Ashenzari
Cheibriados
Dithmenos
Fedhas
Gozag
Hepliaklqana
Kikubaaqudgha
Makhleb
Nemelex Xobeh
Okawaru
Qazlal
Ru
Sif Muna
Trog
Uskayaw
Vehumet
Wu Jian
Xom
Zin
The Shining One

Shops:
D:2 (   D:5 !(

Annotations:
D:5 1 runed translucent door, exclusion: sky beast, Crazy Yiuf
D:6 Eustachio


Innate Abilities, Weirdness & Mutations

You have hoof-like feet.
A weak demonic guardian rushes to your aid.
You regenerate a little health from kills.
You have an extremely huge brain. (Int +4)


Message History

You climb upwards.
Level annotation: Eustachio
There is a stone staircase leading down here.
There are monsters nearby!
You block the orc warrior's attack.
The orc warrior hits you from afar with a +0 glaive!
The orc wizard hits you but does no damage.
The orc wizard shouts!
You hear a shout!
The orc wizard points at you and mumbles some strange words.
You easily resist.
The orc wizard points at you and mumbles some strange words.
The magic dart hits you.
The orc wizard points at you and mumbles some strange words.
The magic dart hits you! You block the orc wizard's attack.
The orc shouts!
You hear a howl!
You block the orc wizard's attack.
The orc wizard gestures at you while chanting.
The puff of flame hits you but does no damage.
The orc hits you with a +0 trident!
* * * LOW HITPOINT WARNING * * *
The orc hits you from afar with a +0 trident!
* * * LOW HITPOINT WARNING * * *
A demonic guardian appears!
You block the orc's attack.
The orc wizard mumbles some strange words.
The orc wizard flickers and vanishes!
Deactivating autopickup; reactivate with Ctrl-A.
You feel better. You block the orc's attack.
You block the orc warrior's attack.
The orc priest invokes the aid of Beogh against you.
Beogh smites you!
* * * LOW HITPOINT WARNING * * *
The orc misses you.
Your white imp gestures at the orc.
The puff of frost hits the orc.
The orc misses you.
The orc warrior hits your white imp with a +0 glaive!
Your white imp dies!
The orc shouts!
The orc hits you from afar with a +0 trident.
You die...

.#^..###.<........ .....#......
................. .....#......
...............# ............
...............# ........#.#.
≈≈≈............## #####...#.#'
≈≈≈.............## #.......
#≈≈..............####### #.......
#≈≈.........#....#.....# #.......
#≈≈.........##..@#.....###.......
#≈≈...............{....##..(.....
#≈≈......#.......oooo..##.......>
.≈≈......#..........o..##......##
≈.#..................##......#
..............####....o....#
...........# #.........#
...........####.>.......#
.......................#


You could see an orc warrior, an orc priest, an orc wizard and 2 orcs.

Vanquished Creatures
  Grinder (D:4)
  3 water moccasins
  2 ice beasts
  2 black bears (D:5)
  An ogre (D:7)
  A centaur (D:7)
  2 bullfrogs (D:7)
  3 scorpions
  A wyvern skeleton (D:6)
  A water moccasin skeleton (D:5)
  5 hounds
  2 orc priests
  A centaur skeleton (D:6)
  A bullfrog skeleton (D:7)
  An iguana (D:6)
  Ijyb (D:4)
  2 orc wizards
  A killer bee zombie (D:6)
  A hound zombie (D:5)
  8 gnolls
  4 adders
  An ufetubus (D:5)
  An adder skeleton (D:4)
  3 dart slugs
  11 orcs
  4 ball pythons
  12 endoplasms
  2 giant cockroaches
  4 goblins
  7 hobgoblins
  13 jackals
  7 quokkas
  4 bats
  4 frilled lizards
  6 kobolds
  3 rats (D:1)
126 creatures vanquished.

Vanquished Creatures (collateral kills)
  A black bear (D:5)
1 creature vanquished.

Vanquished Creatures (others)
  A bush (D:7)
  4 fungi (D:7)
  6 plants (D:6)
11 creatures vanquished.

Grand Total: 138 creatures vanquished

Notes
Turn   | Place    | Note
-------+----------+-------------------------------------------
     0 | D:1      | jazmu the Demonspawn Monk began the quest for the Orb.
     0 | D:1      | Reached XP level 1. HP: 18/18 MP: 1/1
   343 | D:1      | Found a faded altar of an unknown god.
   369 | D:1      | Gained mutation: You have large cloven feet. [demonic
                  | ancestry]
   369 | D:1      | Reached XP level 2. HP: 24/24 MP: 2/2
   730 | D:1      | Gained mutation: You regenerate a little health from kills.
                  | [demonic ancestry]
   730 | D:1      | Reached XP level 3. HP: 29/29 MP: 3/3
  1403 | D:2      | Found Rusuas's Antique Weapon Shop.
  1667 | D:3      | Reached XP level 4. HP: 37/37 MP: 4/4
  1723 | D:3      | Reached skill level 1 in Shields
  1764 | D:3      | Found a shimmering altar of Xom.
  2340 | D:4      | Noticed a scorpion
  2375 | D:3      | Killed a scorpion
  2376 | D:3      | Gained mutation: You have hoof-like feet. [demonic
                  | ancestry]
  2376 | D:3      | Reached XP level 5. HP: 24/42 MP: 5/5
  2785 | D:4      | Noticed Ijyb
  2786 | D:4      | Noticed Grinder
  2786 | D:4      | Paralysed by Ijyb for 3 turns
  2794 | D:4      | Paralysed by Ijyb for 5 turns
  2808 | D:4      | Killed Ijyb
  2840 | D:4      | Paralysed by Grinder for 5 turns
  2844 | D:4      | HP: 1/42 [Grinder (5)]
  2849 | D:4      | Killed Grinder
  2850 | D:4      | Reached skill level 5 in Axes
  2850 | D:4      | Reached XP level 6. HP: 6/48 MP: 6/6
  3247 | D:4      | Found a sparkling altar of Nemelex Xobeh.
  3615 | D:5      | Entered Level 5 of the Dungeon
  3944 | D:5      | HP: 1/48 [gnoll (10)]
  4330 | D:5      | Noticed a sky beast
  4383 | D:5      | Noticed an ice beast
  4437 | D:4      | Killed an ice beast
  4438 | D:4      | Gained mutation: A weak demonic guardian rushes to your
                  | aid. [demonic ancestry]
  4438 | D:4      | Reached XP level 7. HP: 33/54 MP: 7/7
  4659 | D:5      | Found a staircase to the Ecumenical Temple.
  4668 | D:5      | Found Voggoi's Distillery.
  4674 | Temple   | Entered the Ecumenical Temple
  5135 | Temple   | Became a worshipper of Warmaster Okawaru
  5135 | Temple   | Reached * piety under Okawaru
  5135 | Temple   | Reached ** piety under Okawaru
  5420 | D:5      | Reached skill level 1 in Armour
  5562 | D:5      | Reached skill level 1 in Invocations
  5562 | D:5      | Gained mutation: You have an unusually large brain. (Int
                  | +2) [demonic ancestry]
  5562 | D:5      | Reached XP level 8. HP: 57/60 MP: 8/8
  5684 | D:5      | Reached skill level 2 in Invocations
  5772 | D:5      | Found Osaizam's Weapon Boutique.
  5830 | D:5      | Found a bloodstained altar of Trog.
  6005 | D:5      | Found a runed translucent door.
  6006 | D:5      | Noticed Crazy Yiuf
  6175 | D:5      | Reached skill level 3 in Invocations
  6363 | D:5      | Reached skill level 4 in Invocations
  6710 | D:6      | Reached skill level 5 in Invocations
  6713 | D:6      | Noticed Eustachio
  7081 | D:7      | Reached *** piety under Okawaru
  7333 | D:7      | Found a sacrificial altar of Ru.
  7472 | D:7      | Reached skill level 6 in Invocations
  7655 | D:7      | Reached skill level 5 in Armour
  7655 | D:7      | Gained mutation: You have an extremely huge brain. (Int +4)
                  | [demonic ancestry]
  7655 | D:7      | Reached XP level 9. HP: 59/65 MP: 13/13
  7808 | D:7      | Found a snail-covered altar of Cheibriados.
  7819 | D:7      | Found a shimmering blue altar of Sif Muna.
  7865 | D:7      | Found a burning altar of Makhleb.
  7880 | D:7      | Reached skill level 7 in Invocations
  7925 | D:6      | HP: 2/65 [orc priest/divine providence (11)]
  7927 | D:6      | Slain by an orc

Illustrated notes

Levels and vault maps discovered:
D:1:      zaba_arrival_water, layout_loops_ring, basic_ecumenical_altar,
          chequers_serial_rivers_micro_d
D:2:      layout_rooms, serial_shops, shop, st_stairs_3
D:3:      layout_basic, mainiacjoe_overflow_boulevard, kennysheep_path_1,
          minivault_14
D:4:      layout_gridville, old_standard_altar, mainiacjoe_overflow_brackets,
          uniq_ijyb, uniq_grinder
D:5:      layout_loops_cross, lemuel_tele_altar,
          minmay_temple_entry_statues_pillars, serial_shops,
          nicolae_stop_n_shop_2, shop, uniq_crazy_yiuf_cottage
D:6:      layout_basic, gammafunk_ghost_gnarly_gnolls, kennysheep_diamond,
          uniq_pikel, uniq_eustachio
D:7:      layout_loops_corners, mainiacjoe_overflow_chevrons,
          nicolae_ru_great_annihilating_truth, amethyst_overflow_temple_binary,
          minmay_crystal_room, kb_lookout_dungeons_type,
          chequers_serial_rivers_room_b, minmay_circle_x, uniq_menkaure,
          uniq_maggie
Temple:   minmay_temple_forest_path

Skill      XL: |  1  2  3  4  5  6  7  8  9 |
---------------+----------------------------+-----
Axes           | 3 4 5 6 |  6.1
Fighting       | 4 |  4.0
Shields        | 2 3 4 |  4.7
Armour         | 1 5 |  5.2
Dodging        | 3 |  3.3
Invocations    | 1 6 7 |  7.0
Stealth        | |  1.7

Action                   |  1- 3 |  4- 6 |  7- 9 || total
-------------------------+-------+-------+-------++-------
Melee: Hand axe          |   129 |    10 |       ||   139
       Kick              |    27 |    23 |       ||    50
       Short sword       |       |   182 |       ||   182
       Spear             |       |    28 |   284 ||   312
Invok: Heroism           |       |       |     4 ||     4
Evoke: Wand              |       |     1 |       ||     1
  Use: Potion            |       |     4 |     1 ||     5
       Scroll            |       |     4 |     1 ||     5
 Stab: Sleeping          |     3 |       |     2 ||     5
       Paralysed         |       |     6 |       ||     6
       Distracted        |       |       |     2 ||     2
Armor: Robe              |     6 |       |       ||     6
       Ring mail         |    52 |    73 |    93 ||   218
Dodge: Dodged            |    83 |   102 |   160 ||   345
Block: Buckler           |    20 |    43 |    78 ||   141
